 Dungeon Crawl Stone Soup version 0.19-a0-1720-gc855d72 (webtiles) character file.

54 JeffiDaFish the Grasshopper (level 3, -8/35 HPs)
             Began as a Troll Warper on Sept 29, 2016.
             Mangled by an ogre
             ... wielding a +0 giant club
              (22 damage)
             ... on level 3 of the Dungeon.
             The game lasted 00:07:08 (1493 turns).

JeffiDaFish the Grasshopper (Troll Warper)          Turns: 1493, Time: 00:07:08

Health: -8/35      AC:  7    Str: 20    XL:     3   Next: 66%
Magic:  4/4        EV: 10    Int:  9    God:
Gold:   187        SH:  0    Dex:  9    Spells: 1 memorised, 3 levels left

rFire  . . .     SeeInvis .     a - +1 spear
rCold  . . .     Gourm    +     b - +1 robe
rNeg   . . .     Faith    .     (no shield)
rPois  +         Spirit   .     (helmet restricted)
rElec  .         Dismiss  .     (no cloak)
rCorr  .         Reflect  .     (gloves unavailable)
MR     .....     Harm     .     (boots unavailable)
Stlth  +......... Rnd*Tele +    (no amulet)
                                (no ring)
                                h - ring of teleportation (curse)

@: no status effects
A: unfitting armour, claws 3, fast metabolism 3, gourmand, poison resistance,
regeneration 1, shaggy fur 1, tough skin 2
a: no special abilities


You were on level 3 of the Dungeon.
You were completely stuffed.

You visited 1 branch of the dungeon, and saw 3 of its levels.

You collected 187 gold pieces.

Inventory:

Hand Weapons
 a - a +1 spear (weapon)
Missiles
 e - 5 tomahawks of dispersal (quivered)
Armour
 b - a +1 robe (worn)
Jewellery
 h - a cursed ring of teleportation (left claw)
Wands
 p - a wand of flame (18/48)
Scrolls
 d - a scroll of blinking
 m - 2 scrolls of magic mapping
 n - a scroll of identify
Potions
 i - a potion of heal wounds
 j - a potion of curing
Books
 c - a book of Spatial Translocations

   Spells                             Type                      Level
   a - Apportation                    Translocation                1
   b - Blink                          Translocation                2
   c - Shroud of Golubria             Charms/Translocation         2
   d - Portal Projectile              Translocation                3
   e - Teleport Other                 Translocation                3
   f - Passage of Golubria            Translocation                4
Comestibles
 f - 4 bread rations
 g - 4 chunks of flesh
 k - a beef jerky
 l - 2 meat rations
 o - a royal jelly


   Skills:
 + Level 1.7 Fighting
 + Level 2.1 Polearms
 + Level 0.8 Throwing
 + Level 2.4 Dodging
 + Level 0.1 Stealth
 + Level 1.3 Spellcasting
 + Level 2.6 Translocations


You had 3 spell levels left.
You knew the following spells:

 Your Spells              Type           Power        Failure   Level  Hunger
a - Apportation           Tloc           #.........   12%         1    ##.....


Dungeon Overview and Level Annotations

Branches:
Dungeon (3/15)

Altars:
Nemelex Xobeh


Innate Abilities, Weirdness & Mutations

You are too large for most types of armour.
You have claws for hands.
Your metabolism is lightning-fast.
You like to eat raw meat.
Your natural rate of healing is unusually fast.
You are covered in fur. (AC +1)
You have very tough skin. (AC +2)
Your system is resistant to poisons. (rPois)


Message History

* * * LOW HITPOINT WARNING * * *
You are too injured to fight recklessly!
You are too injured to fight recklessly!
You barely miss the leopard gecko.
The leopard gecko is severely wounded.
The ball python bites you.
* * * LOW HITPOINT WARNING * * *
The leopard gecko closely misses you.
You are too injured to fight recklessly!
You are too injured to fight recklessly!
The ball python bites you but does no damage.
The ball python closely misses you.
You closely miss the ball python. The ball python closely misses you.
You hit the leopard gecko.
You kill the leopard gecko!
The ball python misses you.
The ball python bites you but does no damage.
The ogre hits you with a giant club!!
Ouch! That really hurt!
You die...

#..........? #..)........
#.........#. #..........!
#.....>..... #...........
.. ##.##....... ..
##O.†####.........
##@S...###.........
###.......##.........
#....._..............
###.#.......#..........
##...##.....###........#
##.....##...##...........
#.......##.##...........#
#........#......#####....
#........#......#####....


You could see an ogre and a ball python.

Vanquished Creatures
  An ooze (D:1)
  A worm (D:2)
  2 dart slugs (D:1)
  3 leopard geckos
  4 giant cockroaches
  4 goblins
  5 hobgoblins
  A quokka (D:2)
  5 bats
  5 frilled lizards (D:1)
  4 kobolds
  3 rats
38 creatures vanquished.

Notes
Turn   | Place    | Note
-------+----------+-------------------------------------------
     0 | D:1      | JeffiDaFish the Troll Warper began the quest for the Orb.
     0 | D:1      | Reached XP level 1. HP: 19/19 MP: 1/1
    91 | D:1      | Reached XP level 2. HP: 25/27 MP: 2/2
   335 | D:1      | Reached XP level 3. HP: 33/33 MP: 4/4
  1154 | D:2      | Gained mutation: Your system is resistant to poisons. (rPois) [potion of beneficial mutation]
  1238 | D:2      | Found a sparkling altar of Nemelex Xobeh.
  1441 | D:3      | Found a sparkling altar of Nemelex Xobeh.
  1447 | D:3      | Noticed an ogre
  1493 | D:3      | Mangled by an ogre

Vault maps used:
D:1:      dpeg_arrival_long_road, grunt_decor_fettered
D:2:      first_bread, nemelex_xobeh_ov_fountains_minmay
D:3:      lemuel_round_altar, hex_large

Skill      XL: |  1  2  3 |
---------------+----------+-----
Dodging        | 2 |  2.4
Polearms       | 2 |  2.1
Fighting       | |  1.7
Throwing       | |  0.8
Stealth        | |  0.1
Spellcasting   | |  1.3
Translocations | |  2.6

Action                   || total
-------------------------++-------
Melee: Spear             ||   157
  Use: Scroll            ||     8
       Potion            ||     2
 Stab: Sleeping          ||     1
  Eat: Chunk             ||    19
Armor: Robe              ||    74
Dodge: Dodged            ||    87
